[Event "1000GM Memorial Day NY IM-C 2023"]
[Site "New York"]
[Date "2023.05.28"]
[Round "6.3"]
[White "Mahajan, Rushaan"]
[Black "Poliannikov, Danila"]
[Result "0-1"]
[ECO "A49"]
[WhiteElo "2279"]
[BlackElo "2278"]
[Annotator "TA"]
[PlyCount "221"]
[EventDate "2023.05.23"]
[EventType "tourn"]
[EventCountry "USA"]
[SourceTitle "playchess.com"]
[Source "ChessBase"]
[SourceQuality "1"]
[TimeControl "5400+30"]

1. Nf3 Nf6 2. b3 g6 3. Bb2 Bg7 4. g3 O-O 5. Bg2 d6 6. d4 Nbd7 7. O-O Re8 8. a4 a5 9. Re1 Ne4 10. Nbd2 Nxd2 11. Qxd2 e5 12. dxe5 dxe5 13. Qc3 c6 14. Red1 Qc7 15. Ng5 Nf6 16. Ba3 h6 (16... e4 $15 {is superior.} 17. Bd6 Qd7) 17. Ne4 $11 Nxe4 18. Bxe4 Rd8 19. Rxd8+ Qxd8 20. Qe1 Qd4 21. Bg2 Bf5 22. Rd1 Qb6 23. e4 Bg4 24. Rd3 Rd8 25. Qd2 Rxd3 (25... Rd4 {simplifies} 26. Bb2 Rxd3 27. Qxd3 Qc7) 26. Qxd3 Qd4 27. Qxd4 exd4 28. f3 Be6 29. Bf1 $1 Bf8 30. Bc1 Bc5 31. Bd3 h5 32. Bd2 Bb6 33. Kg2 Kf8 34. f4 Bc7 35. f5 Bd7 36. fxg6 (36. Kf3 $14 {is more appropriate.}) 36... fxg6 $11 37. Bf4 Bxf4 38. gxf4 b5 39. e5 bxa4 40. bxa4 c5 41. Bb5 $1 (41. Bxg6 Bxa4 42. Kf2 (42. Bxh5 $2 Bxc2 43. Kf2 a4 $19) 42... Be8 $19) 41... c4 42. Kf3 (42. Bxd7 $2 {loses.} d3 43. cxd3 c3 $19) 42... Bf5 43. Bxc4 Bxc2 44. h4 Ke7 (44... Bxa4 45. Ke4 $16) 45. Bd5 Kf8 46. Ke2 Kg7 $2 (46... Ke7 $11) 47. Bc6 Kf7 48. Kd2 $2 (48. Bb5 $1 $18) 48... Bf5 $14 49. Bd5+ Kg7 (49... Ke7 $14) 50. Bc4 $18 Be4 51. Bb3 Bf5 52. Kc1 Be4 53. Kb2 Bc6 54. Kc2 Be4+ 55. Kd1 Bd3 56. Bd5 Bf5 57. Kd2 Bb1 58. Bc4 Be4 $1 59. Ba2 Kh6 60. Bb3 Bf5 61. e6 $2 ({White should play} 61. Bc2 $18 {Intending Bxf5 and mate.} Bd7 62. Be4) 61... Kg7 $11 62. e7 Bd7 63. Kd3 Kf6 (63... Be8 {with more complications.} 64. Ke4 Kf6 65. Kxd4 Bd7) 64. Kxd4 Kxe7 65. Ke5 Bf5 66. Bd1 Bb1 67. Kd5 Kf6 68. Kc5 $2 (68. Kd4 $11) 68... Kf5 69. Kb6 Kxf4 70. Kxa5 Kg3 71. Kb6 Bd3 72. a5 Kxh4 73. Ba4 g5 $2 (73... Kg3 $19 {is more deadly.} 74. Bd7 h4) 74. Bb5 $17 Bxb5 75. Kxb5 g4 76. a6 g3 77. a7 g2 78. a8=Q g1=Q (78... g1=B {leads to mate.} 79. Qh1+ Kg5 80. Qxg1+ Kf5 81. Qg3 Ke6 82. Kc5 Kf5 83. Qh4) 79. Kc4 (79. Qe4+ $15 Qg4 80. Qe1+ Kg5 81. Qd2+ Qf4 82. Qg2+ Kf5 83. Qc2+ Qe4 84. Qf2+ Kg4 85. Qg1+ Kf4 86. Qf2+ Kg4 87. Qg1+ Kh4 88. Qh2+ Kg5 89. Qd2+ Kg4 90. Qd1+ Qf3 91. Qd4+ Kg3 92. Qd6+ Kf2 93. Qd4+ Kf1 94. Qh4) 79... Qf1+ 80. Kd4 Qf4+ 81. Kd3 Kg3 $1 82. Qg8+ Kf2 $1 83. Qa2+ Kg3 $2 (83... Kg1 $1 $17 {( -> ...Qg3+)} 84. Qg8+ Kf1) 84. Qg8+ $11 Qg4 85. Qb8+ Kh3 (85... Kf2 $5 86. Qh2+ $8 Kf3 87. Qh1+ Kf4 88. Qc1+ Kg3 89. Qg1+ Kh4 90. Qf2+ Kg5 $11) 86. Kd2 h4 87. Qh8 Kg2 88. Qa8+ $2 (88. Qf6 $11 {and White is okay.}) 88... Qf3 $19 89. Qg8+ Kh1 90. Qh7 h3 $2 (90... Qf2+ $1 $19 91. Kd1 Kh2 92. Qc7+ Kg1 93. Qg7+ Kf1) 91. Ke1 $1 $11 Qg3+ (91... h2 $5) 92. Ke2 Qe5+ 93. Kf3 Qd5+ 94. Kg3 Qg2+ 95. Kh4 Qf2+ 96. Kh5 Qf3+ 97. Kh6 Qf6+ ({But not} 97... h2 $2 98. Qg6 $19) 98. Kh5 Qf3+ 99. Kh6 h2 100. Qb1+ Kg2 101. Qc2+ $2 (101. Qa2+ $11 Kg3 102. Qg8+ Kf2 103. Qa2+ Qe2 104. Qf7+ Ke1 105. Qb7 Qe3+ 106. Kh7 Qh3+ 107. Kg8 h1=Q 108. Qb4+ Kf1 109. Qb1+ Kg2 110. Qb2+ Kg1 111. Qd4+ Kh2 112. Qf2+ Q1g2+ 113. Qxg2+ Kxg2 114. Kg7 Qe6 115. Kh8 Kg3 116. Kg7 Kf4 117. Kf8 Kf5 118. Kg7 Qe7+ 119. Kg8 Kf6 120. Kh8 Qg7#) 101... Kh3 102. Qc8+ Kh4 (102... Kg3 $142 103. Qg8+ Kf2 104. Qa2+ Qe2 105. Qf7+ Ke1 106. Qb7 Qe3+ 107. Kg6 Qg3+ 108. Kf6 Qh4+ 109. Kf5 Qh3+ 110. Kf6 Qh4+ 111. Kf5 Qh3+ 112. Kf6 Qh4+) 103. Qd8+ Kg4 104. Qg8+ $1 Kh3 105. Qc8+ Kg3 $1 106. Qg8+ Kf2 107. Qa2+ {[%emt 0:00:08] [#]} Qe2 $1 108. Qf7+ {[%emt 0:00:11] [#]} Ke1 $1 109. Qb7 Qe3+ 110. Kg6 Qg1+ 111. Kf5 0-1

[Event "1000GM Memorial Day NY IM-C 2023"]
[Site "New York"]
[Date "2023.05.28"]
[Round "6.4"]
[White "Zumsande, Martin"]
[Black "Paragua, Mark"]
[Result "1/2-1/2"]
[WhiteElo "2454"]
[BlackElo "2442"]
[Annotator "TA"]
[PlyCount "28"]
[EventDate "2023.05.23"]
[EventType "tourn"]
[EventCountry "USA"]
[SourceTitle "playchess.com"]
[Source "ChessBase"]
[SourceQuality "1"]
[TimeControl "5400+30"]

1. e4 c5 2. Nf3 d6 3. c3 Nf6 4. Be2 g6 5. O-O Bg7 6. d3 O-O 7. Be3 $1 {[%emt 0:00:21][%mdl 4] is currently scoring better than 7.Nbd2. B50: Sicilian: 2...d6, Miscellaneous.} Nc6 8. Nbd2 {[%emt 0:00:30] [#] An uneventful encounter.} {Predecessor:} e5 $146 9. a3 h6 10. h3 b6 11. b4 Re8 12. b5 Na5 13. c4 Nh5 14. Re1 Nf4 {1-0 Aronian,L (2765)-Wojtaszek,R (2696) Warsaw Superbet Classic Blitz 2022 (4.1)} 1/2-1/2

[Event "1000GM Memorial Day NY IM-C 2023"]
[Site "New York"]
[Date "2023.05.28"]
[Round "6.5"]
[White "Lee, Megan"]
[Black "Reiss, Aiden"]
[Result "0-1"]
[ECO "B45"]
[WhiteElo "2261"]
[BlackElo "2138"]
[Annotator "TA"]
[PlyCount "64"]
[EventDate "2023.05.23"]
[EventType "tourn"]
[EventCountry "USA"]
[SourceTitle "playchess.com"]
[Source "ChessBase"]
[SourceQuality "1"]
[TimeControl "5400+30"]

1. e4 c5 2. Nf3 e6 3. d4 cxd4 4. Nxd4 Nc6 5. Nc3 Nf6 6. Ndb5 Bc5 7. Bf4 $1 {[%emt 0:00:33] [#] Black must now prevent Nc7+. The main line 7.Bf4 scores better than 7.Nd6+.} O-O {[%emt 0:00:05] B45: Sicilian Four Knights.} 8. Bc7 Qe7 {[%emt 0:00:27] ...d5 would be deadly.} 9. Bd6 $1 Bxd6 {[%emt 0:00:10] White has an edge.} 10. Qxd6 Qd8 11. O-O-O a6 12. Nd4 Ne7 13. Qg3 b5 {[%emt 0:02:12][%cal Bb7b5,Bb5b4][%mdl 32] aiming for ...b4.} 14. Bd3 ({White should play} 14. e5 $11 Nfd5 15. Ne4) 14... b4 $15 15. Nce2 {[%emt 0:12:55] [#]} a5 $146 ({Predecessor:} 15... Bb7 16. e5 Nfd5 17. h4 Qa5 18. Kb1 Rab8 19. h5 h6 20. Qh4 Qb6 21. g4 Nc3+ 22. bxc3 bxc3+ {½-½ Garrido Outon,A (2359)-David,A (2428) Titled Tuesday intern op 22nd Sept blitz 2020 (5)}) 16. f4 Ba6 17. e5 Nfd5 18. Rhf1 (18. f5 $15 Bxd3 {[%mdl 64] Remove Defender} 19. Rxd3) 18... Qb6 ({Better is} 18... Bxd3 $17 19. Qxd3 d6) 19. Qh3 ({White should try} 19. f5 $15) 19... Bxd3 $17 20. Rxd3 Ng6 21. Qh5 a4 ({And not} 21... h6 22. f5 exf5 23. Nxf5 $11 (23. Qxf5 Rae8 $17)) 22. g4 $2 {[%emt 0:04:32][%mdl 8192] [#] Loses the game.} (22. g3 $17) 22... b3 $1 $19 23. axb3 (23. cxb3 a3) 23... a3 24. bxa3 Rxa3 25. Rdf3 (25. Qh3 $142 Rfa8 26. Kd2) 25... Ra1+ 26. Kd2 Qa5+ 27. c3 Qa2+ (27... Rc8 $2 28. Rxa1 Qxa1 29. Nc2 $19) (27... Ra2+ $142 28. Nc2 Rc8) 28. Kd3 $2 (28. Nc2 {was the only defense.} Rxf1 29. Rxf1) 28... f6 ({But not} 28... Rc8 $2 29. c4 Nb4+ 30. Ke3 $17) 29. exf6 Rxf6 (29... Rxf1 30. Rxf1 Rxf6) 30. g5 $2 (30. Rxa1 Qxa1 31. Kd2) 30... Rxf1 31. gxf6 Rd1+ 32. Kc4 Qa6+ {[%emt 0:00:05] An entertaining game by Reiss.   Weighted Error Value: White=0.90/Black=0.49} 0-1

[Event "1000GM Memorial Day NY IM-C 2023"]
[Site "New York"]
[Date "2023.05.29"]
[Round "7.1"]
[White "Reiss, Aiden"]
[Black "Sazci, Bilgen"]
[Result "1-0"]
[ECO "B98"]
[WhiteElo "2138"]
[BlackElo "1827"]
[Annotator "TA"]
[PlyCount "45"]
[EventDate "2023.05.23"]
[EventType "tourn"]
[EventCountry "USA"]
[SourceTitle "playchess.com"]
[Source "ChessBase"]
[SourceQuality "1"]
[TimeControl "5400+30"]

1. e4 c5 2. Nf3 d6 3. d4 cxd4 4. Nxd4 Nf6 5. Nc3 a6 6. Bg5 e6 7. f4 Be7 8. Qf3 h6 9. Bh4 g5 10. fxg5 Nfd7 11. Nxe6 fxe6 12. Qh5+ Kf8 13. Bb5 $1 Ne5 $2 {[%emt 0:00:00] B98: Sicilian Najdorf: 6 Bg5 e6 7 f4 Be7, sidelines.} (13... axb5 $2 14. Rf1+ $18) (13... Rh7 $1 $11 {and Black has nothing to worry.} 14. O-O+ Kg8) 14. O-O+ $4 (14. Bg3 $1 $18 {[%cal Rg3e5] is the narrow road to win.} Rh7 15. Bxe5 dxe5 16. Rd1) 14... Kg7 $2 {[%emt 0:00:00] [#]} (14... Kg8 $19 15. Rf6 Bxf6 16. gxf6 Qf8) 15. Bg3 $1 $16 {[%emt 0:00:21] White threatens Bxe5+ and mate. Chess con chili.} Ng6 {[%emt 0:00:00][%cal Oh6g5] Threatens to win with ...hxg5! White is better.} (15... axb5 {is a self mate.} 16. Bxe5+) 16. gxh6+ Rxh6 {[%emt 0:00:00] [#]} 17. Rf7+ $3 {[%emt 0:00:02][%mdl 576] Deflection} Kxf7 18. Qxh6 axb5 {[%emt 0:00:00] [#]} 19. Rf1+ $1 {[%emt 0:00:22][%mdl 64] Deflection} Ke8 {[%emt 0:00:00] ...Ne5 is the strong threat.} 20. Qxg6+ Kd7 21. Rf7 {[%emt 0:00:05][%mdl 1024] [#] White has strong compensation. White has more active pieces.} (21. Nxb5 $2 {loses.} Qb6+ 22. Rf2 Qxb5 $19) 21... Kc6 $146 {[%emt 0:00:00] [#]} (21... b4 $16 22. Nd5 exd5) ({Predecessor:} 21... b4 22. Ne2 Nc6 23. h4 Qb6+ 24. Bf2 Qb5 25. Nd4 Qe5 26. Nxc6 bxc6 27. Qh7 c5 28. Rxe7+ {1-0 Vivas Zamora,F (2344)-Schut,H (2101) Titled Tuesday intern op 15st Dec blitz 2020 (10)}) 22. Qh5 $1 $18 b6 $2 {[%emt 0:00:00] [#]} (22... Bg5 $2 23. Qe2 Qa5 24. Qd3 $18) (22... Nd7) 23. Bh4 $1 {[%emt 1:08:36][%mdl 512] Beautiful play by Reiss!   Weighted Error Value: White=0.47/Black=2.01} 1-0

[Event "1000GM Memorial Day NY IM-C 2023"]
[Site "New York"]
[Date "2023.05.29"]
[Round "7.2"]
[White "Paragua, Mark"]
[Black "Lee, Megan"]
[Result "1/2-1/2"]
[ECO "A07"]
[WhiteElo "2442"]
[BlackElo "2261"]
[Annotator "TA"]
[PlyCount "143"]
[EventDate "2023.05.23"]
[EventType "tourn"]
[EventCountry "USA"]
[SourceTitle "playchess.com"]
[Source "ChessBase"]
[SourceQuality "1"]
[TimeControl "5400+30"]

1. Nf3 d5 2. g3 g6 3. Bg2 Bg7 4. O-O e5 5. d3 Ne7 6. e4 dxe4 7. dxe4 Qxd1 {[%emt 0:00:45] A07: Réti Opening: New York and Capablanca Systems.} 8. Rxd1 h6 9. Nc3 c6 {[%emt 0:04:45] [#] Dodges Nb5. White is slightly better.} 10. b3 $146 {[%emt 0:06:44] White has more active pieces.} ({Predecessor:} 10. Be3 Nd7 11. Rd2 O-O 12. Rad1 Nb6 13. Bxb6 axb6 14. Rd8 Be6 15. Rxf8+ Kxf8 16. Na4 {0-1 Ehemann,P (1787)-Marth,J (2075) Bad Zwesten op 7th 2003 (7)}) 10... Be6 11. Ba3 Nd7 12. Na4 Nc8 13. Rd2 Ncb6 14. Nb2 Bf8 15. Bxf8 Rxf8 16. Nd3 f6 17. Nh4 g5 18. Nf5 Bxf5 19. exf5 O-O-O 20. Rad1 Rfe8 21. Be4 Kc7 22. f3 h5 23. c4 a5 24. Kf1 Nc8 25. c5 Ne7 26. a3 Nb8 27. Nb2 Na6 28. Na4 (28. Rxd8 {simplifies} Rxd8 29. Rxd8 Kxd8 30. Na4) 28... Rxd2 29. Rxd2 Rd8 30. Rxd8 Kxd8 $11 {[%emt 0:00:02][%mdl 4096] Endgame KBN-KNN} 31. Bd3 Nb8 32. Ke2 Nd7 33. Kd2 Kc7 34. b4 axb4 35. axb4 b6 36. cxb6+ Nxb6 37. Nc3 Nbd5 38. Ne4 Nxf5 {[%emt 0:03:20] aiming for ...Nd4.} 39. Nxf6 $1 {[%emt 0:00:45][%mdl 64] Discovered Attack} Nd4 40. Nxd5+ cxd5 {[%emt 0:00:01] KB-KN} 41. Ke3 Ne6 42. Bf5 Ng7 43. Bg6 {[%emt 0:00:10] next f4 is good for White.} h4 44. gxh4 gxh4 45. f4 exf4+ 46. Kxf4 {[%emt 0:00:05] Hoping for Ke5.} Kc6 $2 (46... Ne6+ $1 $11 47. Kg4 h3) 47. Ke5 $18 {[%emt 0:00:16] Black must now prevent Kf6.} Kb5 (47... d4 $142 48. Kf6 (48. Kxd4 Kd6 $18) 48... Kb5 49. Kxg7 Kxb4) 48. Kxd5 ({Don't play} 48. Kf6 d4 49. Kxg7 Kxb4 $18) 48... Kxb4 49. Ke5 Kc5 50. Kf6 Kd6 51. Kxg7 {[%emt 0:00:11] KB-KP} Ke7 52. Bf7 Kd7 53. Kf6 Kd8 54. Bb3 Ke8 55. Bc4 Kd7 56. Bd3 Ke8 {[%emt 0:00:40] [#]} 57. Bg6+ $1 Kd7 58. Bf7 Kd8 $1 59. Ke6 Kc7 60. Be8 Kd8 61. Kf7 Kc7 62. Ke7 Kc8 63. Bb5 Kc7 64. Ba4 Kc8 65. Kf6 Kd8 {[%emt 0:00:01] [#]} 66. Bb5 $1 Kc7 67. Bc4 $2 ({White should try} 67. Bd3 $18) 67... Kd8 $2 (67... Kd7 $1 $11 {and Black stays safe.} 68. Bb3 Ke8 69. Bf7+ Kd7 70. Be6+ Ke8) 68. Bf7 {[%emt 0:04:23] White has a decisive advantage.} Kd7 69. Bg6 Kd8 70. Bh5 Kd7 71. Bg4+ Kd8 72. Kg5 {[%emt 0:00:36][%mdl 32768] Weighted Error Value: White=0.09 (flawless) /Black=0.12 (very precise) . An unexpected result.} 1/2-1/2

[Event "1000GM Memorial Day NY IM-C 2023"]
[Site "New York"]
[Date "2023.05.29"]
[Round "7.3"]
[White "Poliannikov, Danila"]
[Black "Zumsande, Martin"]
[Result "1-0"]
[ECO "C03"]
[WhiteElo "2278"]
[BlackElo "2454"]
[Annotator "TA"]
[PlyCount "59"]
[EventDate "2023.05.23"]
[EventType "tourn"]
[EventCountry "USA"]
[SourceTitle "playchess.com"]
[Source "ChessBase"]
[SourceQuality "1"]
[TimeControl "5400+30"]

1. e4 e6 2. d4 d5 3. Nd2 Be7 4. Bd3 c5 5. dxc5 Nf6 6. Qe2 O-O 7. Ngf3 {[%emt 0:00:04] C03: French Tarrasch: Unusual Black 3rd moves.} a5 8. O-O Na6 9. e5 {[%emt 0:00:05] The position is equal.} Nd7 10. c4 Naxc5 11. Bc2 b6 12. Nd4 Qc7 13. Re1 $40 {[%emt 0:28:10][%mdl 128] White attacks.} (13. Qh5 g6 14. Nb5 Qc6 $17) 13... Ba6 14. b3 {[%emt 0:07:19] [#]} (14. Qh5 g6 15. Qe2 a4 $15) 14... f5 $146 (14... Rfd8 $11) ({Predecessor:} 14... Rfd8 15. Bb2 dxc4 16. bxc4 Nxe5 17. Qxe5 Qxe5 18. Rxe5 Bf6 19. f4 Rac8 20. Rc1 h6 {½-½ Domancich,E (2305)-Tazelaar,H (2399) W-ch37 prel03 email 2013}) 15. exf6 $16 {[%emt 0:10:16] Black is on the road to losing.} Rxf6 16. N2f3 (16. Qh5 $2 Rh6 $19) 16... h6 {[%emt 0:02:51] Repels Bg5} 17. Bb2 Raf8 18. Rad1 Qc8 19. Nb5 {[%emt 0:00:30] White is more active.} R6f7 (19... Bxb5 $16 20. Bxf6 (20. cxb5 R6f7 $16) 20... Nxf6) 20. cxd5 $18 {[%emt 0:00:30] [#] b4 is the strong threat.} exd5 (20... e5 $142) 21. Bg6 ({And not} 21. Rxd5 Qc6 22. Rxd7 (22. Qxe7 Rxe7 23. Rxe7 Rxf3 $17) 22... Qxd7 $15) 21... Qc6 22. Bxf7+ Rxf7 23. Nfd4 Qg6 24. Qe3 Ne4 (24... Kh7 $16 25. a4 Bf6) 25. f3 Bg5 26. Qe2 Nd6 27. a4 Nc5 28. Nc6 {[%emt 0:00:30] [#] aiming for Ne5.} Qf5 29. Ne5 Re7 $2 (29... Rf6 30. Rxd5 Re6 31. Rxd6 Bxb5) 30. Nxd6 {[%emt 0:00:30] Weighted Error Value: White=0.12 (very precise) /Black=0.39} 1-0

[Event "1000GM Memorial Day NY IM-C 2023"]
[Site "New York"]
[Date "2023.05.29"]
[Round "7.4"]
[White "Nemeth, Miklos"]
[Black "Mahajan, Rushaan"]
[Result "1/2-1/2"]
[ECO "C54"]
[WhiteElo "2452"]
[BlackElo "2279"]
[Annotator "TA"]
[PlyCount "46"]
[EventDate "2023.05.23"]
[EventType "tourn"]
[EventCountry "USA"]
[SourceTitle "playchess.com"]
[Source "ChessBase"]
[SourceQuality "1"]
[TimeControl "5400+30"]

1. e4 e5 2. Nf3 Nc6 3. Bc4 Bc5 4. O-O Nf6 5. d3 d6 6. c3 a6 {[%emt 0:00:04] 6...a5 is becoming the main line.} 7. a4 {[%emt 0:02:36] C54: Giuoco Piano: 4 c3 Nf6, main lines with 5 d4 and 5 d3.} Ba7 8. a5 h6 9. Re1 {[%emt 0:04:14] The position is equal.} g5 10. Be3 Bxe3 11. fxe3 {[%emt 0:01:17] [#]} Qe7 $146 ({Predecessor:} 11... g4 12. Rf1 d5 13. exd5 Nxd5 14. Qb3 Nxe3 15. Bxf7+ Ke7 16. Nh4 Nxf1 17. Ng6+ Kf6 18. Nxh8 {0-1 Lobanov,S (2530)-Makarian,R (2444) RUS-ch U21 Moscow 2020 (5)}) 12. Rf1 Be6 13. Nbd2 O-O-O 14. Qe2 d5 15. exd5 Nxd5 16. d4 exd4 17. exd4 {[%emt 0:02:28][%cal Oc4a6] [#] Black must now prevent Bxa6!} Kb8 18. Ne5 Nxe5 19. Qxe5 {[%emt 0:00:12] Threatens to win with Bxd5.} f6 20. Qe1 Rhe8 21. Bxd5 Rxd5 22. Qe3 Qd8 23. b4 Rf5 {[%emt 0:15:41] Not much happened in this game.   Weighted Error Value: White=0.09 (flawless) /Black=0.05 (flawless)} (23... Bg4 $15 24. Qf2 Rf5) 1/2-1/2

[Event "1000GM Memorial Day NY IM-C 2023"]
[Site "New York"]
[Date "2023.05.29"]
[Round "8.1"]
[White "Sazci, Bilgen"]
[Black "Moor, Nathaniel Philip"]
[Result "1/2-1/2"]
[ECO "B24"]
[WhiteElo "1827"]
[BlackElo "2185"]
[Annotator "TA"]
[PlyCount "99"]
[EventDate "2023.05.23"]
[EventType "tourn"]
[EventCountry "USA"]
[SourceTitle "playchess.com"]
[Source "ChessBase"]
[SourceQuality "1"]
[TimeControl "5400+30"]

1. e4 c5 2. Nc3 Nc6 3. g3 g6 4. Bg2 Bg7 5. Nge2 e6 6. O-O Nge7 7. d3 O-O 8. Be3 Nd4 9. f4 Nec6 {[%emt 0:02:43] B24: Closed Sicilian: 3 g3 sidelines.} 10. e5 d6 11. exd6 $1 Qxd6 {[%emt 0:00:51] Black has an edge.} 12. Ne4 {[%emt 0:00:18] [#]} Qc7 $146 ({Predecessor:} 12... Qe7 13. c3 Nxe2+ 14. Qxe2 b6 15. Nxc5 bxc5 16. Bxc6 Rb8 17. Qf2 Qd6 18. Bf3 Rb5 {0-1 Escobar Roldan,J-Interian Rodriguez,A (2071) CUB-ch disabled 2017 (2)}) 13. Nxc5 Nxe2+ 14. Qxe2 Nd4 (14... Bxb2 $5 15. Rab1 Bg7 $11) 15. Qf2 Qxc5 16. c3 Rd8 17. Rac1 (17. Bxd4 $2 Rxd4 18. Kh1 (18. cxd4 $2 Bxd4 19. b3 Rb8 $19) 18... Rd5 $19) 17... Qb6 18. Rc2 (18. Bxd4 $2 Rxd4 19. Rcd1 (19. cxd4 $2 Bxd4 20. Rc2 Bd7 $19) 19... Bd7 $19) 18... Rd6 19. cxd4 (19. Bxd4 $2 Rxd4 20. Rd1 (20. cxd4 $2 Bxd4 $19) 20... Rb8 $19) 19... Bxd4 20. Bxd4 Rxd4 21. Rfc1 Bd7 22. Bxb7 {[%emt 0:04:35][%mdl 64] Deflection} Rd8 23. Be4 Bb5 {[%emt 0:02:10] Dodges Rc4} 24. Rc8 Kg7 25. Rxd8 Qxd8 26. Rc8 {[%emt 0:02:14][%mdl 64] Deflection} Qd6 27. Rc3 h5 28. b3 (28. Qe3 $5 ) 28... h4 (28... Bxd3 $11 29. Bxd3 Rxd3 30. Rxd3 Qxd3) 29. Kg2 (29. gxh4 f5 30. Bg2 (30. Rc7+ Kh6 $11) 30... Rxf4 31. Qxa7+ Kf6 $11) (29. Qe3 $1 $14) 29... f5 30. Bf3 Kf6 31. a4 (31. gxh4 Qxf4 32. h5 gxh5 33. Bxh5 Qxf2+ 34. Kxf2 Bxd3 $17) 31... Bxd3 32. Rc6 Qb4 (32... hxg3 $2 33. Qe3 (33. hxg3 Qb4 $16) 33... Re4 34. Qxe4 (34. Rxd6 Rxe3 35. hxg3 Bf1+ {[%mdl 64] Discovered Attack} 36. Kf2 Rxb3 $15) (34. Bxe4 $2 Bxe4+ 35. Kxg3 Bxc6 $19) 34... fxe4 35. Rxd6 $18) (32... Qd8 $1 $11 {remains equal.} 33. Qb2 (33. gxh4 $2 Be4 $19) 33... Kf7) 33. Qb2 (33. gxh4 Be4 34. Rc4 (34. Bxe4 $2 Rd2 $19) 34... Rxc4 35. bxc4 Qxc4 $15) (33. g4 $1 $16 g5 34. fxg5+ Ke7 35. Qe3 (35. Qxh4 Rxg4+ 36. Bxg4 Be4+ 37. Kf1 Bxc6 $11)) 33... Be4 $11 34. Bxe4 fxe4 {[%emt 0:00:28][%mdl 4096] Endgame KQR-KQR} 35. Kh3 {[%emt 0:01:15] Rc4 would be deadly.} (35. gxh4 Kf5 36. Rc7 e5 $17) 35... Qd2 $1 36. Qa3 Rd8 {[%emt 0:00:36] Prevents Qf8+.} (36... Kf7 $1 $11) 37. Rc7 $16 {[%emt 0:06:01] White threatens Qe7+ and mate. Really sharp!} (37. gxh4 $2 Rd3+ 38. Kg4 Qg2#) 37... Qd6 {[%emt 0:02:00] Inhibits Qe7+.} 38. Qb2+ (38. Qc1 hxg3 39. Qc3+ (39. hxg3 Qd4 $11) (39. Rxa7 $2 Rh8+ 40. Kg2 Qd4 $19) 39... Qd4 40. Qxd4+ (40. Qxg3 Qd3 $17) 40... Rxd4 $11) (38. Qxd6 $1 $16 Rxd6 39. Kxh4 (39. Rxa7 hxg3 40. hxg3 Rb6 $11)) 38... Qd4 $11 {[%emt 0:00:01] [#]} 39. g4 $2 g5 $19 (39... Qxb2 $2 40. g5+ (40. Kxh4 $2 Qxh2#) 40... Kf5 41. Rf7+) 40. fxg5+ Kxg5 41. Qxd4 (41. Qc1+ $17 e3 42. Qc4 Qxc4 43. Rxc4) 41... Rxd4 {[%emt 0:00:01] KR-KR} 42. Rg7+ $2 {[%emt 0:00:50] [#]} (42. Rxa7 Rd3+ 43. Kg2 Rd2+ 44. Kf1 Rxh2 $19) (42. a5) 42... Kf4 $1 43. Rf7+ Kg5 $2 ({Black should try} 43... Ke5 $19 44. a5 e3) 44. Rg7+ $15 (44. Rxa7 $2 Rd3+ 45. Kg2 Rd2+ 46. Kf1 Rxh2 $19) 44... Kf4 $2 (44... Kf6 $15 45. Rc7 (45. Rxa7 $2 {is the wrong capture.} e3 $19) 45... e3) 45. Rf7+ $1 $19 (45. Rxa7 $2 {too greedy.} e3 46. Rf7+ Ke4 $19) 45... Ke5 46. g5 Rd1 $2 (46... e3 {( -> ...e2)} 47. Rf1 Ke4) 47. Kg2 $2 {[%emt 0:00:31] [#]} (47. Kxh4 $2 {perishes.} e3 48. Rf3 Ke4 $19) (47. g6 $19) 47... h3+ $1 48. Kf2 Rd2+ 49. Ke3 Rd3+ (49... Rxh2 $19 {Threatens to win with ...Rh1.} 50. g6 Rg2) 50. Ke2 {[%emt 0:00:38] An exciting game.   Weighted Error Value: White=0.49/Black=0.64} 1/2-1/2